 Seeded DCSS version 0.30-a0-715-gdb4ae3ece1 (webtiles) character file.

Game seed: 5430720872467839093 (custom seed)

4 valliere the Scratcher (level 1, -4/9 HPs)
             Began as a Felid Transmuter on Jan 24, 2023.
             Slain by a kobold
             ... wielding a +0 whip
              (5 damage)
             ... on level 1 of the Dungeon.
             The game lasted 00:00:47 (93 turns).

valliere the Scratcher (Felid Transmuter)             Turns: 93, Time: 00:00:48

Health: -4/9       AC:  1    Str: 10    XL:     1   Next: 50%
Magic:  4/4        EV: 17    Int: 13    God:
Gold:   9          SH:  0    Dex: 15    Spells: 3/4 levels left
                                        Lives:  0   Deaths: 0

rFire   . . .      SeeInvis +      - Unarmed
rCold   . . .      Faith    .    (shield unavailable)
rNeg    . . .      Spirit   .    (body armour unavailable)
rPois   .          Reflect  .    (helmet unavailable)
rElec   .          Harm     .    (cloak unavailable)
rCorr   .          Rampage  .    (gloves unavailable)
Will    .....                    (boots unavailable)
Stlth   +++                      (no amulet)
HPRegen 0.21/turn                (no ring)
MPRegen 0.09/turn                (no ring)

@: unable to read, quick
A: very small, claws 1, fangs 3, see invisible, speed 1, shaggy fur 1, stealthy
paws, no weapons or thrown items, no armour, multi-lived, camouflage 1, strong
1, inability to read after injury 1
a: no special abilities


You were on level 1 of the Dungeon.
You visited 1 branch of the dungeon, and saw 1 of its levels.

You collected 9 gold pieces.

Inventory:

Potions
 a - a potion of lignification


   Skills:
 - Level 1.0 Fighting
 + Level 2.8 Dodging
 * Level 0.5 Stealth
 + Level 3.0 Unarmed Combat
 + Level 2.0 Spellcasting
 + Level 2.2 Transmutations


You had 3 spell levels left.
You knew the following spells:

 Your Spells              Type           Power      Damage    Failure   Level
a - Beastly Appendage     Tmut           14%        N/A       10%         1

Your spell library contained the following spells:

 Spells                   Type           Power      Damage    Failure   Level
 Wereblood                Tmut           7%         N/A       16%         2
 Spider Form              Tmut/Pois      4%         N/A       43%         3
 Ice Form                 Ice/Tmut       4%         N/A       85%         4


Dungeon Overview and Level Annotations

Branches:
Dungeon (1/15)

Altars:


Innate Abilities, Weirdness & Mutations

You have sharp claws.
You have razor-sharp teeth.
You have supernaturally acute eyesight. (SInv)
You cover ground quickly. (Speed+)
You are covered in fur. (AC +1)
Your paws help you pounce on unaware monsters.
You are incapable of wielding weapons or throwing items.
You cannot wear armour.
You gain extra lives every three experience levels.
Your skin changes colour to match your surroundings (Stealth+).
Your muscles are strong. (Str +4, Int/Dex -1)
You occasionally lose the ability to read scrolls when taking damage.


Message History

Your skin functions as natural camouflage.
You feel stronger.
Unknown command.
A jackal comes into view. 2 jackals come into view.
A kobold comes into view. It is wielding a +0 whip.
You pounce on the unaware helpless jackal!
You scratch the jackal.
You kill the jackal!
The jackal barks!
You hear a bark! x2; The kobold shouts!
You scratch the jackal.
The jackal is almost dead.
The jackal misses you. The jackal closely misses you. x2
You barely miss the jackal.
The jackal is almost dead.
The jackal barely misses you. The jackal bites you.
The jackal bites you but does no damage.
The jackal bites you.
You scratch the jackal.
You kill the jackal!
The jackal barely misses you. x2; The kobold throws a stone.
The stone closely misses you. The jackal bites you.
You are too injured to fight recklessly!
You scratch the jackal but do no damage.
The jackal bites you. The jackal closely misses you.
You closely miss the jackal. The jackal barely misses you.
The jackal closely misses you. The jackal misses you.
The kobold closely misses you.
You scratch the jackal.
The jackal is heavily wounded.
The jackal closely misses you. The jackal bites you.
You feel threatened and lose the ability to read scrolls!
* * * LOW HITPOINT WARNING * * *
You barely miss the jackal. Your bite misses the jackal.
The jackal is heavily wounded.
You can read scrolls again.
The jackal barely misses you. The kobold hits you with a +0 whip.
You feel threatened and lose the ability to read scrolls!
Ouch! That really hurt!
You die...

#.#.#........#
####.#.#.##.....#
.........##.....#
#.#.#..........###
#####.#......#.......#
......#..###.#.......#
#.........#.......###
#......####.#####....
#..†@.......# #####
#..hKh..#####
#...#...# #.......#
#.......# ##.. .#.#
### ##.# .#


You could see 2 jackals and a kobold.

Vanquished Creatures
  2 jackals (D:1)
  A kobold (D:1)
3 creatures vanquished.

Notes
Turn   | Place    | Note
-------+----------+-------------------------------------------
     0 | D:1      | valliere the Felid Transmuter began the quest for the Orb.
     0 | D:1      | Reached XP level 1. HP: 9/9 MP: 4/4
    75 | D:1      | Gained mutation: You occasionally lose the ability to read
                  | scrolls when taking damage. [potion of mutation]
    75 | D:1      | Gained mutation: Your skin changes colour to match your
                  | surroundings (Stealth+). [potion of mutation]
    75 | D:1      | Gained mutation: Your muscles are strong. (Str +4, Int/Dex
                  | -1) [potion of mutation]
    93 | D:1      | Slain by a kobold

Illustrated notes

Levels and vault maps discovered:
D:1:      dpeg_arrival_boxes_within_box, layout_basic

Action                     || total
---------------------------++-------
  Melee: Unarmed           ||     9
    Use: Potion            ||     1
   Stab: Sleeping          ||     1
 Armour: Skin              ||     1
  Dodge: Dodged            ||    14

Table legend: (Time is in decaauts)
 A = Elapsed time spent in this place.
 B = Non-inter-level travel time spent in this place.
 C = Inter-level travel time spent in this place.
 D = Time resting spent in this place.
 E = Time spent auto-exploring this place.
 F = Levels seen in this place.
 G = Mean time per level.
                   A        B        C        D        E       F      G
               +--------+--------+--------+--------+--------+-----+--------+
         Total |     79 |     79 |      0 |      0 |     56 |   1 |   79.0 |
       Dungeon |     79 |     79 |      0 |      0 |     56 |   1 |   79.0 |
               +--------+--------+--------+--------+--------+-----+--------+

Top non-repeatable levels by time:
     D:1: 79 daAuts
